 Dungeon Crawl Stone Soup version 0.28.0 (webtiles) character file.

Game seed: 12788067811084175547

1 zeram the Caller (level 1, 0/11 HPs)
             Began as an Octopode Summoner on Feb 5, 2022.
             Constricted to death by a ball python (1 damage)
             ... on level 1 of the Dungeon.
             The game lasted 00:00:11 (194 turns).

zeram the Caller (Octopode Summoner)                 Turns: 194, Time: 00:00:11

Health: 0/11       AC:  1    Str:  7    XL:     1   Next: 20%
Magic:  3/3        EV: 10    Int: 17    God:
Gold:   13         SH:  0    Dex: 12    Spells: 3/4 levels left

rFire   . . .      SeeInvis .   (no weapon)
rCold   . . .      Faith    .   (no shield)
rNeg    . . .      Spirit   .   (helmet restricted)
rPois   .          Reflect  .   (no amulet)
rElec   .          Harm     .   (no ring)
rCorr   .          Rampage  .   (no ring)
Will    .....                   (no ring)
Stlth   +++.......              (no ring)
HPRegen 0.03/turn               (no ring)
MPRegen 0.08/turn               (no ring)
                                (no ring)
                                (no ring)

@: constricted
A: almost no armour, amphibious, 8 rings, camouflage 1, gelatinous body 1,
(nimble swimmer 1), tentacles
a: no special abilities


You were on level 1 of the Dungeon.
You visited 1 branch of the dungeon, and saw 1 of its levels.

You collected 13 gold pieces.

You aren't carrying anything.


   Skills:
 + Level 2.0 Dodging
 + Level 2.7 Stealth
 + Level 2.0 Spellcasting
 + Level 4.0 Summonings


You had 3 spell levels left.
You knew the following spells:

 Your Spells              Type           Power      Damage    Failure   Level
a - Summon Small Mammal   Summ           60%        N/A       3%          1

Your spell library contained the following spells:

 Spells                   Type           Power      Damage    Failure   Level
 Call Imp                 Summ           15%        N/A       5%          2
 Call Canine Familiar     Summ           15%        N/A       11%         3
 Summon Guardian Golem    Hex/Summ       8%         N/A       26%         3
 Summon Lightning Spire   Summ/Air       8%         N/A       63%         4


Dungeon Overview and Level Annotations

Branches:
Dungeon (1/15)

Altars:


Innate Abilities, Weirdness & Mutations

You cannot wear most types of armour.
You are amphibious.
You can wear up to eight rings at the same time.
Your skin changes colour to match your surroundings (Stealth+).
Your rubbery body absorbs attacks. (AC +1, EV +1)
((You are camouflaged when in or above water. (Stealth+)))
You have tentacles for arms and can constrict up to eight enemies at once.


Message History

A kobold comes into view. It is wielding a +0 whip.
You tentacle-slap the giant cockroach but do no damage.
You grab the giant cockroach.
You constrict the giant cockroach, but do no damage.
The kobold shouts!
The giant cockroach closely misses you.
The ball python hisses angrily.
You tentacle-slap the giant cockroach but do no damage.
You constrict the giant cockroach, but do no damage.
The giant cockroach bites you.
A rat comes into view.
You tentacle-slap the giant cockroach but do no damage.
You constrict the giant cockroach, but do no damage.
The giant cockroach bites you.
You barely miss the kobold. Your grab misses the kobold.
Your squeeze misses the kobold. You constrict the giant cockroach.
The giant cockroach bites you. The ball python barely misses you.
The ball python grabs you. The ball python constricts you.
The kobold barely misses you.
You tentacle-slap the ball python. Your grab misses the ball python.
The ball python is severely wounded.
You constrict the giant cockroach, but do no damage.
The giant cockroach bites you but does no damage.
The ball python bites you. The ball python constricts you.
The kobold closely misses you.
You are too injured to fight recklessly!
You escape the ball python's grasp.
You release your grip on the giant cockroach.
The giant cockroach misses you.
The ball python enters a dispersal trap!
The giant cockroach blinks! x2; The rat blinks!
The kobold blinks!
The rat blinks!
You blink.
The ball python blinks!
The rat bites you.
* * * LOW HITPOINT WARNING * * *
The ball python closely misses you. The ball python barely misses you.
You barely miss the rat. You grab the rat. You squeeze the rat.
You kill the rat!
The ball python misses you. The ball python grabs you.
The ball python constricts you.
You die...

...# ....# # #..#
....# # ## #..#
....#.. .# ##..#
....... P# #...#
....... P#
.######...# .......
P#
..........##......#
P#
.........KS@......#
P#
........###.......#
P#
..................#
P#
...................
P#
............B......
P#
#######............
P# #............ P#
#............ P#
######.^.......


You could see a giant cockroach, a ball python and a kobold.

Vanquished Creatures
  A hobgoblin (D:1)
  A rat (D:1)
2 creatures vanquished.

Notes
Turn   | Place    | Note
-------+----------+-------------------------------------------
     0 | D:1      | zeram the Octopode Summoner began the quest for the Orb.
     0 | D:1      | Reached XP level 1. HP: 11/11 MP: 3/3
   194 | D:1      | Constricted to death by a ball python

Illustrated notes

Levels and vault maps discovered:
D:1:      eino_arrival_tree_alley, layout_basic, serial_shops,
          nicolae_shop_waterfront, nicolae_shop_waterfront,
          nicolae_shop_overgrown_old_shop, nicolae_shop_crystal, shop,
          minmay_lizard_king

Action                   || total
-------------------------++-------
Melee: Unarmed           ||     8
       Constrict         ||     3
       Tentacles         ||     2
 Stab: Sleeping          ||     1
Armor: Skin              ||     1
Dodge: Dodged            ||     8
